 Dungeon Crawl Stone Soup version 0.28-a0-447-g1f95980246 (webtiles) character file.

Game seed: 7692947951538123809

851 Sabo the Slasher (level 8, -1/56 HPs)
             Began as a Djinni Gladiator on Sept 12, 2021.
             Was a Follower of Wu Jian.
             Slain by an ice beast (3 damage)
             ... on level 4 of the Dungeon.
             The game lasted 00:26:36 (5103 turns).

Sabo the Slasher (Djinni Gladiator)                 Turns: 5103, Time: 00:26:36

Health: -1/56      AC: 11    Str: 15    XL:     8   Next: 21%
Gold:   192        EV: 12    Int: 15    God:    Wu Jian [*.....] SH:  0 Dex: 14

rFire   + + .      SeeInvis .   a - +1 long sword (spect)
rCold   x . .      Faith    .   (no shield)
rNeg    . . .      Spirit   .   B - +3 ring mail of the Pits of Slime {rElec Int+4}
rPois   ∞          Reflect  .   c - +0 helmet
rElec   +          Harm     .   m - +0 cloak
rCorr   .          Rampage  .   (no gloves)
Will    .....                   (boots unavailable)
Stlth   +.........              (no amulet)
HPRegen 0.18/turn               (no ring)
MPRegen 0.00/turn               (no ring)

@: on berserk cooldown, flying, slowed, very slow
A: sickness immunity, fire resistance 2, cold vulnerability 1, float, innate
caster, hp casting, extra vitality 1
a: Renounce Religion


You were on level 4 of the Dungeon.
You worshipped Wu Jian.
Wu Jian was aware of your devotion.
You visited 1 branch of the dungeon, and saw 4 of its levels.

You collected 192 gold pieces.

Inventory:

Hand Weapons
 a - a +1 spectral long sword (weapon)
 t - a +0 hunting sling
Missiles
 d - 3 throwing nets
 g - 13 poisoned darts
 h - 75 arrows
 j - 68 bolts
 k - 7 datura-tipped darts
 l - 3 silver boomerangs (quivered)
 q - 18 sling bullets
 v - 9 boomerangs
 x - 7 javelins
Armour
 c - a +0 helmet (worn)
 m - a +0 cloak (worn)
 B - the +3 ring mail of the Pits of Slime (worn) {rElec Int+4}
   (You found it on level 4 of the Dungeon)

   Int:       It affects your intelligence (+4).
   rElec:     It insulates you from electricity.
Wands
 o - a wand of polymorph (7)
 w - a wand of flame (14)
Scrolls
 b - a scroll of fog
 e - a scroll of holy word {unknown}
 y - a scroll of silence {unknown}
 A - a scroll of enchant armour {unknown}
Potions
 f - a potion of attraction {unknown}
 i - a potion of flight {unknown}
 n - a potion of lignification {unknown}
 p - 2 potions of resistance
 s - a potion of heal wounds {unknown}
 u - a potion of berserk rage
 z - a potion of curing {unknown}


   Skills:
 + Level 3.5 Fighting
 + Level 6.1 Long Blades
 + Level 2.3 Throwing
 + Level 3.5 Armour
 + Level 4.6 Dodging
 + Level 1.0 Stealth


You had one spell level left.
You knew the following spells:

 Your Spells              Type           Power      Damage    Failure   Level
a - Shock                 Conj/Air       0%         1d3       45%         1
b - Scorch                Fire           0%         2d5       61%         2
c - Inner Flame           Hex/Fire       0%         N/A       83%         3
Your spell library was empty.

Dungeon Overview and Level Annotations

Branches:
Dungeon (4/15)
 Temple: D:4-7

Altars:
Ru
Uskayaw
Wu Jian

Annotations:
D:4 1 transporter


Innate Abilities, Weirdness & Mutations

You are immune to sickness and miasma.
You are immune to poison.
Your flesh is very heat resistant. (rF++)
You are vulnerable to cold. (rC-)
You float through the air rather than walking.
You learn spells naturally, not from books.
Your magical power is your life essence.
You have superior vitality. (+4 HP)


Message History

The ice beast hits your +1 spectral long sword.
The ice beast freezes your +1 spectral long sword.
Your +1 spectral long sword resists.
Your spectral weapon shares its damage with you!
Your +1 spectral long sword is engulfed in freezing vapours.
The ice beast barely misses your +1 spectral long sword.
The ice beast closely misses your +1 spectral long sword.
The ice beast hits you. The ice beast freezes you!
You feel a terrible chill!
Your +1 spectral long sword is engulfed in freezing vapours.
You hit the ice beast but do no damage.
The ice beast is almost dead.
Your +1 spectral long sword hits the ice beast.
You kill the ice beast!
The Council accepts your kill.
Your +1 spectral long sword is engulfed in freezing vapours. x3
The ice beast hits your +1 spectral long sword but does no damage.
Your +1 spectral long sword is engulfed in freezing vapours.
The ice beast hits your +1 spectral long sword but does no damage.
The ice beast hits you but does no damage.
Your +1 spectral long sword is engulfed in freezing vapours.
You have reached level 8!
You feel clever.
You slash the ice beast!
The ice beast is moderately wounded.
Your +1 spectral long sword hits the ice beast!
Your +1 spectral long sword is engulfed in freezing vapours.
Your +1 spectral long sword fades away.
The ice beast closely misses you.
You hit the ice beast.
You kill the ice beast!
The Council accepts your kill. The ice beast hits you.
The ice beast freezes you!!
You feel a terrible chill!
* * * LOW HITPOINT WARNING * * *
The ice beast closely misses you.
Your Long Blades skill increases to level 6!
Your Stealth skill increases to level 1!
You closely miss the ice beast.
Your +1 spectral long sword completely misses the ice beast.
The ice beast hits you.
You die...

#.######## #.#.©.# #.#
#........############ #.#
#.######.##○°○)©$○°○# #.#
####.##○°☼$)$☼○☼#
#.###.....#°☼○...○☼°#
#.....##.##○☼○°○°°°○#
#.######.##°☼☼°°○☼.[#
#........#####°Y☼####
########## #☼°.(@°°#
#○○#.#☼○# #°°...○°# ####
#☼☼#©#○°#
...#########°○☼○○○○#
...........#°°°°☼°☼#
##.########################
##.# ##.#..©..........#
##.# #.......########.#


You could see an ice beast and a friendly +1 spectral long sword (summoned).

Vanquished Creatures
  Sigmund (D:3)
  A water moccasin (D:4)
  2 ice beasts (D:4)
  An ogre (D:4)
  A howler monkey (D:4)
  A hound (D:4)
  Jessica (D:2)
  3 iguanas (D:4)
  Natasha (twice) (D:2)
  A hound skeleton (D:4)
  Robin (D:2)
  3 adders
  4 orcs (D:4)
  3 ball pythons
  5 bats
  5 endoplasms
  5 giant cockroaches
  5 hobgoblins
  6 jackals
  8 kobolds
  2 quokkas (D:1)
  5 frilled lizards
  8 goblins
  8 rats
82 creatures vanquished.

Vanquished Creatures (others)
  A fungus (D:3)
  A plant (D:3)
2 creatures vanquished.

Grand Total: 84 creatures vanquished

Notes
Turn   | Place    | Note
-------+----------+-------------------------------------------
     0 | D:1      | Sabo the Djinni Gladiator began the quest for the Orb.
     0 | D:1      | Reached XP level 1. HP: 18/18 MP: 0/0
   155 | D:1      | Reached XP level 2. HP: 23/23 MP: 0/0
   544 | D:1      | Reached skill level 3 in Long Blades
  1323 | D:2      | Reached XP level 3. HP: 25/29 MP: 0/0
  1323 | D:2      | Learned a level 1 spell: Shock
  1563 | D:2      | Reached skill level 1 in Armour
  1715 | D:2      | Noticed Natasha
  1722 | D:2      | Killed Natasha
  1723 | D:2      | Reached XP level 4. HP: 26/34 MP: 0/0
  1902 | D:2      | Noticed Jessica
  1904 | D:2      | Killed Jessica
  2032 | D:2      | Noticed Robin
  2042 | D:2      | Reached XP level 5. HP: 37/39 MP: 0/0
  2042 | D:2      | Learned a level 2 spell: Scorch
  2044 | D:2      | Killed Robin
  2102 | D:2      | Noticed Natasha
  2112 | D:2      | Killed Natasha
  2359 | D:3      | Reached skill level 4 in Long Blades
  2598 | D:3      | Found a sacrificial altar of Ru.
  2707 | D:3      | Found a faded altar of an unknown god.
  2791 | D:3      | Became a worshipper of the Wu Jian Council
  2791 | D:3      | Reached * piety under Wu Jian
  3071 | D:3      | Noticed Sigmund
  3089 | D:3      | Killed Sigmund
  3090 | D:3      | Reached XP level 6. HP: 31/45 MP: 0/0
  3199 | D:3      | Found a hide-covered altar of Uskayaw.
  3661 | D:4      | Noticed an ogre
  3670 | D:4      | Killed an ogre
  3671 | D:4      | Reached skill level 5 in Long Blades
  3671 | D:4      | Reached XP level 7. HP: 24/50 MP: 0/0
  3671 | D:4      | Learned a level 3 spell: Inner Flame
  4201 | D:4      | Noticed a water moccasin
  4207 | D:4      | Killed a water moccasin
  4310 | D:4      | Found a transporter.
  4862 | D:4      | Identified the +3 ring mail of the Pits of Slime {rElec
                  | Int+4}
  4956 | D:4      | Found a transporter.
  5101 | D:4      | Reached XP level 8. HP: 23/56 MP: 0/0
  5102 | D:4      | HP: 2/56 [ice beast (21)]
  5103 | D:4      | Reached skill level 6 in Long Blades
  5103 | D:4      | Reached skill level 1 in Stealth
  5103 | D:4      | Slain by an ice beast

Illustrated notes

Levels and vault maps discovered:
D:1:      eino_arrival_water_star, layout_loops_corners
D:2:      layout_loops_ring, uniq_natasha, uniq_robin, uniq_jessica
D:3:      layout_basic, nicolae_ru_sacrificial_ziggurat,
          nicolae_overflow_crystal_walls, dreamdust_ecumenical_altar_grove,
          uniq_sigmund
D:4:      gammafunk_cloud_chamber, layout_loops_corners, grunt_ministairs_1,
          minivault_1

Skill      XL: |  1  2  3  4  5  6  7  8 |
---------------+-------------------------+-----
Long Blades    | 3 4 5 6 |  6.1
Armour         | 1 2 3 |  3.5
Throwing       | 2 |  2.3
Fighting       | 3 |  3.5
Dodging        | 4 |  4.6
Stealth        | 1 |  1.0

Action                   |  1- 3 |  4- 6 |  7- 9 || total
-------------------------+-------+-------+-------++-------
Melee: Long sword        |    85 |    76 |    43 ||   204
Throw: Boomerang         |     3 |    22 |       ||    25
Invok: Lunge             |       |     2 |     5 ||     7
       Whirlwind         |       |     1 |     1 ||     2
  Use: Scroll            |       |     5 |     3 ||     8
       Potion            |       |       |     1 ||     1
 Stab: Distracted        |       |     1 |       ||     1
Armor: Ring mail         |    41 |    25 |    10 ||    76
Dodge: Dodged            |    50 |    42 |    20 ||   112

Table legend: (Time is in decaauts)
 A = Elapsed time spent in this place.
 B = Non-inter-level travel time spent in this place.
 C = Inter-level travel time spent in this place.
 D = Time resting spent in this place.
 E = Time spent auto-exploring this place.
 F = Levels seen in this place.
 G = Mean time per level.
                   A        B        C        D        E       F      G
               +--------+--------+--------+--------+--------+-----+--------+
         Total |   5152 |   5152 |      0 |   1211 |      0 |   4 | 1288.0 |
       Dungeon |   5152 |   5152 |      0 |   1211 |      0 |   4 | 1288.0 |
               +--------+--------+--------+--------+--------+-----+--------+

Top non-repeatable levels by time:
     D:4: 1449 daAuts
     D:1: 1331 daAuts
     D:3: 1312 daAuts
     D:2: 1057 daAuts
